 Dungeon Crawl Stone Soup version 0.31.0-9-g3a7656b989 (webtiles) character file.

Game seed: 3845503515154032599

37 qw the Shooter (level 3, -6/20 HPs)
             Began as a Deep Elf Hunter on Feb 2, 2024.
             Mangled by a gnoll
             ... wielding a +0 whip
              (7 damage)
             ... on level 1 of the Dungeon.
             The game lasted 00:00:03 (691 turns).

qw the Shooter (Deep Elf Hunter)                     Turns: 691, Time: 00:00:03

Health: -6/20      AC:  6    Str: 10    XL:     3   Next: 21%
Magic:  5/5        EV: 11    Int: 13    God:
Gold:   31         SH:  0    Dex: 18    Spells: 2/2 levels left

rFire   . . .        a - +0 shortbow (heavy)
rCold   . . .        (shield currently unavailable)
rNeg    . . .        n - +0 ring mail
rPois   .            (no helmet)
rElec   .            (no cloak)
rCorr   .            d - +0 pair of gloves
SInv    +            (no boots)
Will    .....        (no amulet)
Stlth   +            h - ring of see invisible
HPRegen 0.23/turn    (no ring)
MPRegen 0.09/turn

%: no passive effects
@: no status effects
A: no striking features
a: no special abilities


You were on level 1 of the Dungeon.
You visited 1 branch of the dungeon, and saw 2 of its levels.

You collected 31 gold pieces.


   Skills:
 - Level 1.5 Fighting
 + Level 6.8 Ranged Weapons
 - Level 2.4 Dodging
 - Level 1.2 Stealth


You had 2 spell levels left.
You didn't know any spells.
Your spell library was empty.

Inventory:

Hand Weapons
 a - a +0 heavy shortbow (weapon)
Armour
 d - a +0 pair of gloves (worn)
 n - a +0 ring mail (worn)
Jewellery
 h - a ring of see invisible (left hand)
Potions
 f - a potion of lignification {unknown}
 g - a potion of heal wounds {unknown}
 i - a potion of magic {unknown}
 k - a potion of curing {unknown}
 l - a potion of berserk rage {unknown}
 m - a potion of invisibility {unknown}

Dungeon Overview and Level Annotations

Branches:
Dungeon (2/15)

Altars:


Message History

There is a stone staircase leading down here.
You climb downwards.
There is a stone staircase leading up here.
There are monsters nearby!
Waypoint 1 assigned to D:2.
650 ||| STAIRDANCE The gnoll shouts! x3
The gnoll hits you with a +0 flail of protection.
The gnoll hits you with a +2 heavy spear.
The gnoll shouts!
You climb upwards.
There is a stone staircase leading down here.
You start resting.
HP restored.
You climb downwards.
The gnoll completely misses you. The kobold completely misses you.
The gnoll hits you with a +0 whip. The gnoll barely misses you.
There is a stone staircase leading up, spattered with blood here.
687 ||| STAIRDANCE The kobold misses you.
The gnoll hits you but does no damage. The gnoll hits you with a +0 whip.
The gnoll hits you but does no damage.
You climb upwards.
There is a stone staircase leading down here.
You shoot an arrow. The arrow barely misses the gnoll.
The kobold barely misses you. The gnoll closely misses you. x2
The kobold misses you.
The gnoll hits you with a +0 flail of protection.
The gnoll hits you but does no damage.
You shoot an arrow. The arrow barely misses the gnoll.
The kobold hits you but does no damage.
The gnoll hits you with a +0 flail of protection.
The gnoll hits you but does no damage. The kobold barely misses you.
The gnoll hits you with a +0 flail of protection.
The gnoll hits you but does no damage.
You shoot an arrow. The arrow hits the gnoll!
The gnoll is heavily wounded.
The kobold hits you with a +0 short sword.
The gnoll hits you with a +0 flail of protection.
The gnoll hits you with a +0 whip!
You die...

.......##....# ####...........~#
)..PPP.#...### ###............#
.PP.P.P#.### #.##...~~~......
)P....#.## ##.....~...~.....
..P...### #......~.<.~.....
.P.P..## #......~...~.....
#P.P##.# #.......~~~......
#...#..## ###g#.............#
####.#..#######K@.#~...........~#
##..###.##.....g#####.....#...~##
...........########~~##...#..~##
##.####..### #.############ #.#
##..## ###.# #.# ##.# ##..##
#...# #.# #..# ##..# #.### #.###
..## ##.####.# #.... ### #..##..#
##....


You could see 2 gnolls and a kobold.

Vanquished Creatures
  3 dart slugs (D:1)
  3 ball pythons (D:1)
  5 bats (D:1)
  2 endoplasms (D:1)
  5 goblins (D:1)
  3 hobgoblins (D:1)
  2 kobolds (D:1)
  A quokka (D:1)
  A frilled lizard (D:1)
  2 rats (D:1)
27 creatures vanquished.

Notes
Turn   | Place    | Note
-------+----------+-------------------------------------------
     0 | D:1      | qw the Deep Elf Hunter began the quest for the Orb.
     0 | D:1      | Reached XP level 1. HP: 12/12 MP: 3/3
     0 | D:1      | 0 ||| qw: Version: 0.3-a-155-g5e7d8dd
     0 | D:1      | 0 ||| qw: Game counter: 1941
     0 | D:1      | 0 ||| qw: Melee chars always use a shield: true
     0 | D:1      | 0 ||| qw: God list: Okawaru
     0 | D:1      | 0 ||| qw: Allow faded altars: false
     0 | D:1      | 0 ||| qw: Do Orc after clearing Dungeon:15 true
     0 | D:1      | 0 ||| qw: Do second Lair branch before Depths: true
     0 | D:1      | 0 ||| qw: Lair rune preference: random
     0 | D:1      | 0 ||| qw: Goals: Normal
     0 | D:1      | 0 ||| PLANNING D:1-11
    79 | D:1      | Found a faded altar of an unknown god.
   199 | D:1      | Reached skill level 6 in Ranged Weapons
   199 | D:1      | Reached XP level 2. HP: 16/16 MP: 4/4
   292 | D:1      | HP: 3/16 [goblin/+0 club (4)]
   293 | D:1      | HP: 1/16 [goblin/+0 club (2)]
   378 | D:1      | Reached XP level 3. HP: 20/20 MP: 5/5
   595 | D:1      | 595 ||| UPGRADING to +0 pair of gloves.
   600 | D:1      | 600 ||| UPGRADING to +0 ring mail.
   610 | D:1      | 610 ||| DROPPING +0 leather armour.
   611 | D:1      | 611 ||| UPGRADING to ring of see invisible.
   612 | D:1      | 612 ||| READING scroll labelled ERAEZO DAAMOLU.
   617 | D:1      | 617 ||| READING scroll labelled UMOIRIWOAT.
   617 | D:1      | 617 ||| BRANDING +0 shortbow.
   618 | D:1      | 618 ||| DROPPING scroll of butterflies.
   650 | D:2      | 650 ||| STAIRDANCE
   687 | D:2      | 687 ||| STAIRDANCE
   690 | D:1      | HP: 5/20 [gnoll/+0 flail of protection (6)]
   691 | D:1      | HP: 1/20 [gnoll/+0 flail of protection (2)]
   691 | D:1      | Mangled by a gnoll

Levels and vault maps discovered:
D:1:      enne_arrival_octagon_isle, layout_rooms, shapermc_ecumenical_altar_gd
D:2:      layout_loops_cross, serial_bayou, serial_bayou_pond_c,
          serial_bayou_pond_d, serial_bayou_crossing, serial_bayou_shore_a,
          serial_bayou_lagoon_a, corexii_shack

Skill      XL: |  1 |
---------------+----+-----
Ranged Weapons | 6 |  6.8
Fighting       | |  1.5
Dodging        | |  2.4
Stealth        | |  1.2

Action                     || total
---------------------------++-------
   Fire: Shortbow          ||    63
    Use: Scroll            ||     2
 Armour: Leather armour    ||    14
         Ring mail         ||    16
  Dodge: Dodged            ||    17

Table legend:
 A = Non-vault XP
 B = Vault XP
 C = Vault XP percentage of total XP
 D = Non-vault monster count
 E = Vault monster count
 F = Vault count percentage of total count
                 A         B        C        D         E       F
            +---------+---------+-------+---------+---------+-------
      Total |      53 |       0 |   0.0 |      27 |       0 |   0.0
            +---------+---------+-------+---------+---------+-------
        D:1 |      53 |       0 |   0.0 |      27 |       0 |   0.0
            +---------+---------+-------+---------+---------+-------
